 Dungeon Crawl Stone Soup version 0.18.1-50-g88ac8fd (webtiles) character file.

55 Peloso the Skirmisher (level 3, -7/29 HPs)
             Began as a Demonspawn Fighter on Oct 19, 2016.
             Mangled by Natasha (8 damage)
             ... on level 2 of the Dungeon.
             The game lasted 00:03:15 (1170 turns).

Peloso the Skirmisher (Demonspawn Fighter)          Turns: 1170, Time: 00:03:17

Health: -7/29      AC:  7    Str: 17    XL:     3   Next: 67%
Magic:  3/3        EV:  7    Int:  9    God:
Gold:   61         SH:  9    Dex: 12    Spells: 0 memorised, 2 levels left

rFire  . . .     SeeInvis .     a - +0 long sword
rCold  . . .     Gourm    .     b - +0 scale mail
rNeg   . . .     Faith    .     c - +0 shield
rPois  .         Spirit   .     (helmet restricted)
rElec  .         Dismiss  .     (no cloak)
rCorr  .         Reflect  .     (no gloves)
SustAt .         Harm     .     (no boots)
MR     .....                    d - amulet of rage
Stlth  ..........               (no ring)
                                (no ring)

@: slowed, very slow, not resistant to hostile enchantments, extremely
unstealthy
A: antennae 1, rugged brown scales 1
a: Evoke Berserk Rage


You were on level 2 of the Dungeon.
You were not hungry.

You visited 1 branch of the dungeon, and saw 2 of its levels.

You collected 61 gold pieces.

Inventory:

Hand Weapons
 a - a +0 long sword (weapon)
Armour
 b - a +0 scale mail (worn)
 c - a +0 shield (worn)
Jewellery
 d - an amulet of rage (around neck)
Scrolls
 h - a scroll of identify {unknown}
 i - 2 scrolls of remove curse {unknown}
 j - 3 scrolls of teleportation {unknown}
 k - a scroll of random uselessness {unknown}
 p - a scroll of blinking {unknown}
 q - a scroll of enchant armour {unknown}
Potions
 e - 2 potions of heal wounds {unknown}
 l - a potion of curing {unknown}
 m - 3 potions of brilliance {unknown}
 n - a potion of agility {unknown}
 o - a potion of haste {unknown}
Comestibles
 f - a bread ration
 g - 2 meat rations
 r - a chunk of flesh


   Skills:
 + Level 3.3 Fighting
 + Level 2.0 Long Blades
 + Level 3.2 Armour
 + Level 0.6 Dodging
 + Level 3.2 Shields


You had 2 spell levels left.
You didn't know any spells.

Dungeon Overview and Level Annotations

Branches:
Dungeon (2/15)

Altars:

Annotations:
D:2 Natasha


Innate Abilities, Weirdness & Mutations

You have a pair of small antennae on your head.
You are partially covered in rugged brown scales (AC +1, +3% HP).


Message History

Natasha is heavily wounded.
Natasha claws you.
* * * LOW HITPOINT WARNING * * *
Natasha claws you.
* * * LOW HITPOINT WARNING * * *
The crimson imp blinks!
You slash Natasha!
Natasha is almost dead.
You block Natasha's attack. Natasha closely misses you.
Your shield prevents you from hitting Natasha.
Natasha is almost dead.
Natasha closely misses you. You block Natasha's attack.
The crimson imp blinks!
You hit Natasha but do no damage.
Natasha is almost dead.
Natasha stares at you and mumbles some strange words.
You feel as though you will be slow longer.
Natasha wildly gestures.
Natasha's fingertips start to glow.
Natasha claws you!
You die...

%#########...####..
#............'......'..
#............#...####..
#............##########
#...........#.......
#...>.......'.......
#...........#.......
#...........#######.
#.h@.<....# #.........#
#........####
#........# #........#
#.....>..+ #........#
....5..... .........


You could see Natasha and a crimson imp.

Vanquished Creatures
  Robin (D:2)
  A worm (D:2)
  2 dart slugs (D:1)
  A giant gecko (D:1)
  4 bats
  12 goblins
  4 hobgoblins
  3 jackals (D:2)
  A kobold (D:1)
  A ball python (D:1)
  A giant newt (D:1)
  2 rats (D:1)
33 creatures vanquished.

Notes
Turn   | Place    | Note
--------------------------------------------------------------
     0 | D:1      | Peloso the Demonspawn Fighter began the quest for the Orb.
     0 | D:1      | Reached XP level 1. HP: 18/18 MP: 1/1
   501 | D:1      | Gained mutation: You are partially covered in rugged brown scales (AC +1, +3% HP). [demonic ancestry]
   501 | D:1      | Reached XP level 2. HP: 18/24 MP: 2/2
   977 | D:2      | Noticed Robin
   990 | D:2      | Gained mutation: You have a pair of small antennae on your head. [demonic ancestry]
   990 | D:2      | Reached XP level 3. HP: 27/29 MP: 3/3
  1005 | D:2      | Killed Robin
  1160 | D:2      | Noticed Natasha
  1167 | D:2      | HP: 1/29 [Natasha (3)]
  1170 | D:2      | Mangled by Natasha

Skill      XL: |  1  2  3 |
---------------+----------+-----
Armour         | 3 |  3.2
Shields        | 3 |  3.2
Long Blades    | 2 |  2.0
Fighting       | |  3.3
Dodging        | |  0.6

Action                   || total
-------------------------++-------
Melee: Long sword        ||   102
  Use: Potion            ||     1
  Eat: Chunk             ||     1
Armor: Scale mail        ||    61
Dodge: Dodged            ||    42
Block: Shield            ||    80
